[Event "Titled Tuesday Blitz February 01 B 2022"]
[White "Warmerdam, Max"]
[Black "Brodowski, Piotr"]
[WhiteFideId "1048104"]
[BlackFideId "1124480"]
[WhiteElo "2537"]
[BlackElo "2422"]
[Result "1-0"]
[Round "05"]
[TimeControl "180+1"]
[Date "2022.02.01"]
[WhiteClock "0:00:41"]
[BlackClock "0:00:06"]

1. d4 c5 2. d5 d6 3. c4 e5 4. e3 Be7 5. Nc3 Nf6 6. Bd3 O-O 7. h3 Re8 8. Nf3 a6 9. a4 Nbd7 10. e4 Nf8 11. g3 Kh8 12. Be3 Ng8 13. Qe2 Nd7 14. g4 Rf8 15. h4 Ndf6 16. g5 Ng4 17. Bd2 Rb8 18. O-O-O b5 19. cxb5 axb5 20. axb5 Qb6 21. Bc4 f5 22. gxf6 N8xf6 23. Rdg1 Nh5 24. Rg2 Nf4 25. Bxf4 Rxf4 26. Ne1 h5 27. Nd3 Rf7 28. f3 Nh6 29. Rg5 Qa5 30. Kc2 Bd7 31. Nc1 Rbf8 32. Rf1 Bxg5 33. hxg5 Ng8 34. Nb3 Qd8 35. Qg2 g6 36. Nd2 Kg7 37. Ra1 Qb6 38. Ra6 Qb8 39. Be2 Bc8 40. Rc6 Ne7 41. Nc4 Nxc6 42. dxc6 Be6 43. Ne3 Qa7 44. Qh1 Qa5 45. Qd1 Rd8 46. Bc4 Bxc4 47. Nxc4 Qb4 48. b3 Rff8 49. c7 Rd7 50. b6 Ra8 51. Qd5 Rf7 52. Qxa8 Rxf3 53. Qa1 Rf2+ 54. Nd2 Qd4 55. Qe1 c4 56. bxc4 Rf3 57. Ndb1 Rf2+ 58. Qxf2 Qxf2+ 59. Nd2 Qxb6 60. c8=Q Qa7 61. Kd3 Qd4+ 62. Kc2 Qa7 63. Qe6 h4 64. Qf6+ Kh7 65. Qxd6 h3 66. Qxe5 Qf2 67. Nd5 h2 68. Nf6+ Kg7 69. Qe7+ Kh8 70. Qh7# 1-0


[Site "https://www.chess.com"]

[Event "Titled Tuesday Blitz February 01 B 2022"]
[White "Xiong, Jeffery"]
[Black "Sadovsky, Artem"]
[WhiteFideId "2047640"]
[BlackFideId "4155840"]
[WhiteElo "2727"]
[BlackElo "2369"]
[Result "1-0"]
[Round "05"]
[TimeControl "180+1"]
[Date "2022.02.01"]
[WhiteClock "0:00:58"]
[BlackClock "0:00:01"]

1. c4 g6 2. d4 Bg7 3. e4 d6 4. Nc3 e5 5. d5 f5 6. exf5 gxf5 7. Qh5+ Kf8 8. g3 Nf6 9. Qe2 Na6 10. Nf3 Nc5 11. b4 Nce4 12. Nxe4 Nxe4 13. Bb2 a5 14. a3 axb4 15. axb4 Rxa1+ 16. Bxa1 Bd7 17. Bg2 Bf6 18. O-O Kg7 19. Ne1 Ng5 20. Nd3 Qe7 21. Nf4 Qf7 22. Nh5+ Kh6 23. Nxf6 Qxf6 24. f4 Nf7 25. g4 Rg8 26. g5+ Nxg5 27. fxg5+ Qxg5 28. Kh1 f4 29. Bc3 Bf5 30. Be4 Bh3 31. Re1 Qh4 32. Rg1 Bg4 33. Qg2 f3 34. Bd2+ Kh5 35. Bxf3 1-0


[Site "https://www.chess.com"]

[Event "Titled Tuesday Blitz February 01 B 2022"]
[White "Yoo, Christopher Woojin"]
[Black "Kosteniuk, Alexandra"]
[WhiteFideId "30909694"]
[BlackFideId "4128125"]
[WhiteElo "2105"]
[BlackElo "2469"]
[Result "1-0"]
[Round "05"]
[TimeControl "180+1"]
[Date "2022.02.01"]
[WhiteClock "0:00:11"]
[BlackClock "0:00:03"]

1. e4 c6 2. Nf3 d5 3. d3 dxe4 4. dxe4 Qxd1+ 5. Kxd1 Nf6 6. Nbd2 h5 7. Ne1 g5 8. Nd3 g4 9. f3 gxf3 10. gxf3 Bh6 11. Nc4 Be6 12. Nce5 Bxc1 13. Kxc1 Nbd7 14. Nxd7 Nxd7 15. Rg1 f6 16. Kd2 O-O-O 17. Ke3 Rhg8 18. Be2 Bf7 19. f4 Kc7 20. f5 Ne5 21. Nf4 h4 22. h3 a5 23. a4 b6 24. b3 c5 25. Bh5 Bxh5 26. Nxh5 Nf7 27. Nf4 Ng5 28. Nd5+ Kb7 29. Nxe7 Rge8 30. Rxg5 fxg5 31. f6 Rd6 32. Rf1 Re6 33. Ng6 Rxe4+ 34. Kd2 Re2+ 35. Kd1 R2e6 36. Rf2 Rd8+ 37. Kc1 c4 38. bxc4 Kc6 39. Rf5 g4 40. hxg4 h3 41. Rf1 h2 42. g5 Rde8 43. f7 Re1+ 44. Kb2 1-0


[Site "https://www.chess.com"]

[Event "Titled Tuesday Blitz February 01 B 2022"]
[White "Zakhartsov, Vladimir"]
[Black "Turski, Bartlomiej"]
[WhiteFideId "4145097"]
[BlackFideId "21810567"]
[WhiteElo "2432"]
[BlackElo "1935"]
[Result "0-1"]
[Round "05"]
[TimeControl "180+1"]
[Date "2022.02.01"]
[WhiteClock "0:00:01"]
[BlackClock "0:00:51"]

1. e4 c5 2. Nf3 Nc6 3. Bb5 e5 4. O-O Bd6 5. Na3 a6 6. Nc4 Qc7 7. Bxc6 dxc6 8. a4 Ne7 9. a5 Be6 10. b3 Bxc4 11. bxc4 O-O 12. d3 f5 13. Ng5 Rf6 14. exf5 Nxf5 15. Ne4 Rg6 16. Kh1 Rf8 17. Be3 Qd8 18. Rb1 Rf7 19. Bxc5 Bxc5 20. Nxc5 Qg5 21. g3 Nd4 22. Rxb7 Rxb7 23. Nxb7 Qf5 24. f3 Qh3 25. Rg1 Rf6 26. Rf1 Nf5 27. Kg1 Nxg3 28. Rf2 Nf5 29. Qd2 Rg6+ 30. Rg2 Ne3 31. Rxg6 Qf1# 0-1


[Site "https://www.chess.com"]

[Event "Titled Tuesday Blitz February 01 B 2022"]
[White "Abdrlauf, Elham"]
[Black "Martinez Alcantara, Jose Eduardo"]
[WhiteFideId "1533533"]
[BlackFideId "3805662"]
[WhiteElo "2334"]
[BlackElo "2690"]
[Result "1/2-1/2"]
[Round "06"]
[TimeControl "180+1"]
[Date "2022.02.01"]
[WhiteClock "0:00:03"]
[BlackClock "0:00:18"]

1. e4 c5 2. Nf3 d6 3. d4 cxd4 4. Nxd4 Nf6 5. Nc3 a6 6. Bc4 e6 7. Bb3 b5 8. f4 Be7 9. e5 dxe5 10. fxe5 Nfd7 11. Bxe6 O-O 12. Bd5 Ra7 13. e6 Nb6 14. Bb3 Nc4 15. Bxc4 bxc4 16. Be3 Rb7 17. O-O Bxe6 18. Nxe6 Qxd1 19. Raxd1 fxe6 20. Rxf8+ Kxf8 21. b3 cxb3 22. cxb3 Nc6 23. Ne4 Nb4 24. Nc5 Bxc5 25. Bxc5+ Kf7 26. Bxb4 Rxb4 27. Rd7+ Kf6 28. Ra7 Rb6 29. Kf2 Rd6 30. Ke3 h5 31. b4 g6 32. Rb7 Ke5 33. a4 g5 34. b5 axb5 35. Rxb5+ Kf6 36. Rb2 Rd5 37. Ra2 Ra5 38. Kd4 Kf5 39. Kc4 Kf4 40. Kb4 Ra8 41. a5 e5 42. Kb5 e4 43. a6 e3 44. Kb6 Ke4 45. Kb7 Re8 46. a7 Kd3 47. Ra3+ Kd2 48. Ra2+ Kd3 49. Ra3+ Kd2 50. Ra2+ Kd3 1/2-1/2


[Site "https://www.chess.com"]

[Event "Titled Tuesday Blitz February 01 B 2022"]
[White "Al Hosani, Omran"]
[Black "Corrales Jimenez, Fidel"]
[WhiteFideId "9308733"]
[BlackFideId "3506690"]
[WhiteElo "2246"]
[BlackElo "2541"]
[Result "0-1"]
[Round "06"]
[TimeControl "180+1"]
[Date "2022.02.01"]
[WhiteClock "0:00:10"]
[BlackClock "0:00:10"]

1. d4 Nf6 2. c4 g6 3. Nc3 d5 4. cxd5 Nxd5 5. e4 Nxc3 6. bxc3 Bg7 7. Nf3 O-O 8. Be2 c5 9. O-O Qa5 10. Be3 Rd8 11. Qc2 Bg4 12. Rad1 cxd4 13. cxd4 Nc6 14. d5 Bxf3 15. Bxf3 Ne5 16. Be2 Rac8 17. Qb1 b6 18. Rc1 Qa3 19. Rfd1 h5 20. h3 Nd7 21. Rc6 Nc5 22. Bxc5 bxc5 23. Rxc8 Rxc8 24. Qb7 Rf8 25. Qxe7 Qxa2 26. Bb5 c4 27. d6 Qb3 28. Rd5 c3 29. Bd3 c2 30. Bxc2 Qxc2 31. d7 Qc1+ 32. Kh2 Qc7+ 33. e5 Qd8 34. Qd6 a5 35. f4 a4 36. Rc5 Qa8 37. Qxf8+ Bxf8 38. Rc8 Qe4 39. d8=Q Qxf4+ 40. Kg1 Qe3+ 41. Kf1 Qf4+ 42. Ke2 Qxe5+ 43. Kd3 Qb5+ 44. Kc2 Qb3+ 45. Kd2 Qb4+ 46. Kd3 a3 47. Qd4 Qb3+ 48. Qc3 Qd1+ 49. Qd2 Qb1+ 50. Qc2 Qb5+ 51. Kd2 Qd7+ 52. Ke2 a2 53. Rxf8+ Kxf8 54. Qxa2 Qe6+ 55. Qxe6 fxe6 56. Ke3 Kf7 57. Ke4 Kf6 58. h4 e5 59. g3 Ke6 60. Ke3 Kf5 61. Kf3 e4+ 62. Kf2 Ke6 63. Ke2 Kd5 64. Ke3 Ke5 65. Ke2 Kd4 66. Kd2 e3+ 67. Ke2 Ke4 68. g4 hxg4 69. h5 gxh5 0-1


[Site "https://www.chess.com"]

[Event "Titled Tuesday Blitz February 01 B 2022"]
[White "Araujo Sanchez, Josue"]
[Black "Svane, Rasmus"]
[WhiteFideId "6416896"]
[BlackFideId "4657101"]
[WhiteElo "2357"]
[BlackElo "2645"]
[Result "1/2-1/2"]
[Round "06"]
[TimeControl "180+1"]
[Date "2022.02.01"]
[WhiteClock "0:00:06"]
[BlackClock "0:00:02"]

1. d4 d5 2. Nf3 e6 3. Bf4 Bd6 4. e3 Ne7 5. c3 c5 6. Nbd2 Nbc6 7. Bg3 Qc7 8. dxc5 Bxg3 9. hxg3 a5 10. Bb5 O-O 11. b4 e5 12. a3 Rd8 13. Kf1 Bf5 14. Kg1 d4 15. cxd4 exd4 16. e4 Bg6 17. Rb1 axb4 18. axb4 b6 19. cxb6 Qxb6 20. Bc4 d3 21. Nh4 Ne5 22. Nxg6 hxg6 23. Bb3 Rac8 24. Nf3 Ng4 25. Qd2 Nc6 26. Bd5 Nce5 27. Nxe5 Nxe5 28. Qf4 Rc2 29. Rf1 Qf6 30. Qxf6 gxf6 31. f3 Kg7 32. g4 d2 33. Rd1 Nd3 34. Kf1 Rc1 35. Ke2 Nxb4 36. Rxc1 dxc1=Q 37. Rxc1 Nxd5 38. exd5 Rxd5 39. Rd1 Ra5 40. Kf2 Kh6 41. Kf1 Ra7 42. Kf2 Kg5 43. Kg3 Rc7 44. Rh1 f5 45. f4+ Kf6 46. g5+ Ke6 47. Re1+ Kd5 48. Re5+ Kd4 49. Kf3 Kd3 50. g3 Kd2 51. Re3 Rc3 52. Rxc3 Kxc3 53. Ke3 Kc4 54. Ke2 Kc3 55. Ke3 Kc4 56. Ke2 Kd4 57. Kd2 Kc5 58. Kc3 Kd5 59. Kd3 Kc5 60. Kc3 Kc6 61. Kc4 Kd6 62. Kd4 Ke6 63. Kc5 f6 64. gxf6 Kxf6 65. Kd6 Kf7 66. Ke5 Ke7 67. Kd5 Kd7 68. Ke5 Ke7 69. Kd5 Kf7 70. Kd6 Kf6 71. Kd7 Kf7 72. Kd6 Kf6 73. Kd7 Kf7 74. Kc6 Ke6 75. Kc5 Ke7 76. Kd5 1/2-1/2


[Site "https://www.chess.com"]

[Event "Titled Tuesday Blitz February 01 B 2022"]
[White "Atanasov, Anthony"]
[Black "Lysyj, Igor"]
[WhiteFideId "2623897"]
[BlackFideId "4150120"]
[WhiteElo "1928"]
[BlackElo "2611"]
[Result "0-1"]
[Round "06"]
[TimeControl "180+1"]
[Date "2022.02.01"]
[WhiteClock "0:00:01"]
[BlackClock "0:00:49"]

1. d4 Nf6 2. Bf4 e6 3. e3 c5 4. Nf3 cxd4 5. exd4 b6 6. Nbd2 Be7 7. c3 O-O 8. Bd3 Ba6 9. Qe2 Bxd3 10. Qxd3 d5 11. Ne5 Qc8 12. O-O Nc6 13. a4 Nxe5 14. Bxe5 Nd7 15. Nf3 a6 16. Rfe1 Qc6 17. Re3 b5 18. h4 f6 19. Bg3 Rfe8 20. Rae1 Nf8 21. axb5 Qxb5 22. Qc2 a5 23. h5 h6 24. Nh4 Ra6 25. Ng6 a4 26. Nxf8 Bxf8 27. Qg6 Qd7 28. Rf3 Kh8 29. Bf4 Re7 30. Rg3 Qe8 31. Kh2 Qxg6 32. hxg6 Rb7 33. Rge3 Rbb6 34. R1e2 Kg8 35. Bg3 Be7 36. Bh4 Kf8 37. f4 f5 38. Bxe7+ Kxe7 39. g4 fxg4 40. f5 Kf6 41. fxe6 Rxe6 42. Kg3 Rxe3+ 43. Rxe3 Rb6 44. Re2 Kxg6 45. Kxg4 Kf6 46. Re5 Rb5 47. Rf5+ Ke6 48. c4 Rb4 49. Re5+ Kf6 50. Rf5+ Kg6 0-1


[Site "https://www.chess.com"]

[Event "Titled Tuesday Blitz February 01 B 2022"]
[White "Babazada, Khazar"]
[Black "Jones, Gawain C B"]
[WhiteFideId "13413554"]
[BlackFideId "409561"]
[WhiteElo "2418"]
[BlackElo "2657"]
[Result "0-1"]
[Round "06"]
[TimeControl "180+1"]
[Date "2022.02.01"]
[WhiteClock "0:00:16"]
[BlackClock "0:00:47"]

1. Nf3 Nf6 2. g3 g6 3. Bg2 Bg7 4. O-O c5 5. c4 O-O 6. b3 Ne4 7. d4 Nc6 8. Bb2 d6 9. e3 Qa5 10. Qe2 Bg4 11. h3 Bxf3 12. Bxf3 Ng5 13. Bxc6 bxc6 14. h4 Ne6 15. dxc5 Qxc5 16. Bxg7 Kxg7 17. Nc3 h5 18. Rac1 Rh8 19. Rfd1 Qe5 20. f4 Qc5 21. Ne4 Qf5 22. Nf2 a5 23. Rd2 Rhb8 24. e4 Qf6 25. e5 dxe5 26. fxe5 Qf5 27. Rf1 Rd8 28. Nd3 Qh3 29. Qf2 Rf8 30. Nf4 Qf5 31. Qe3 Rad8 32. Nd5 Qg4 33. Nxe7 Rxd2 34. Qxd2 Qxg3+ 35. Qg2 Qxe5 36. Nxc6 Qc5+ 37. Kh1 Rc8 0-1


[Site "https://www.chess.com"]

[Event "Titled Tuesday Blitz February 01 B 2022"]
[White "Bettalli, Francesco"]
[Black "Holt, Conrad"]
[WhiteFideId "2816453"]
[BlackFideId "2034387"]
[WhiteElo "2216"]
[BlackElo "2586"]
[Result "0-1"]
[Round "06"]
[TimeControl "180+1"]
[Date "2022.02.01"]
[WhiteClock "0:00:14"]
[BlackClock "0:00:23"]

1. d4 d5 2. Nc3 Nf6 3. Bf4 c6 4. e3 Bf5 5. f3 e6 6. g4 Bg6 7. h4 h5 8. g5 Ng8 9. Bd3 Ne7 10. Nge2 Bxd3 11. Qxd3 Na6 12. a3 Ng6 13. Bg3 Bd6 14. Kf2 e5 15. Qf5 Qe7 16. Rae1 O-O 17. dxe5 Nxe5 18. Bxe5 Bxe5 19. Nf4 g6 20. Qd3 Nc5 21. Qd2 Rad8 22. Nd3 Bg7 23. Ne2 Rfe8 24. b4 Ne4+ 25. fxe4 dxe4 26. Nef4 exd3 27. cxd3 Be5 28. Ne2 Qd7 29. Rd1 Qf5+ 30. Ke1 Qf3 31. Rf1 Qh3 32. d4 Qxh4+ 33. Rf2 Bg7 34. Nf4 Rxd4 35. Qxd4 Bxd4 36. Rxd4 Rxe3+ 37. Kf1 Qh1# 0-1


[Site "https://www.chess.com"]

[Event "Titled Tuesday Blitz February 01 B 2022"]
[White "Bluebaum, Matthias"]
[Black "Nazaretyan, Tigran"]
[WhiteFideId "24651516"]
[BlackFideId "24162345"]
[WhiteElo "2550"]
[BlackElo "2192"]
[Result "1-0"]
[Round "06"]
[TimeControl "180+1"]
[Date "2022.02.01"]
[WhiteClock "0:00:35"]
[BlackClock "0:00:12"]

1. d4 Nf6 2. c3 d5 3. Nf3 c6 4. Bf4 Bf5 5. Nh4 Bg6 6. Nd2 Nbd7 7. e3 e6 8. Nxg6 hxg6 9. h3 Be7 10. Bd3 O-O 11. h4 Nh5 12. Qg4 Ndf6 13. Qh3 c5 14. Bh2 cxd4 15. cxd4 Qb6 16. g4 Qxb2 17. Rd1 Bb4 18. gxh5 Nxh5 19. Qf3 Rac8 20. Qe2 Qxa2 21. O-O Qa5 22. Nf3 Qd8 23. Rb1 Be7 24. Rxb7 Bxh4 25. Rxa7 Be7 26. Rb1 Bd6 27. Bxd6 Qxd6 28. Ne5 Qd8 29. Qg4 Nf6 30. Qh3 Rc7 31. Rbb7 Rxb7 32. Rxb7 Qc8 33. Ra7 Qb8 34. Re7 Qd6 35. Rxf7 Rxf7 36. Qh8+ Kxh8 37. Nxf7+ Kg8 38. Nxd6 g5 39. Bg6 Kf8 40. Kg2 Ke7 41. Nb5 Nd7 42. Nc3 Nf6 43. Kg3 Kd6 44. e4 dxe4 45. Nxe4+ Kd5 46. Nxg5 Kxd4 47. Nxe6+ Ke5 48. Nxg7 Nd5 49. Nh5 Kd4 50. f4 Nc3 51. Kg4 Nd5 52. f5 Ke5 53. Kg5 Nc3 54. f6 Nb5 55. f7 Nc7 56. Ng7 Nd5 57. f8=Q Kd4 58. Nf5+ Ke5 59. Qh8+ Ke4 60. Qd4+ Kf3 61. Qxd5+ 1-0


[Site "https://www.chess.com"]

[Event "Titled Tuesday Blitz February 01 B 2022"]
[White "Bok, Benjamin"]
[Black "Nakamura, Hikaru"]
[WhiteFideId "1017063"]
[BlackFideId "2016192"]
[WhiteElo "2658"]
[BlackElo "2850"]
[Result "0-1"]
[Round "06"]
[TimeControl "180+1"]
[Date "2022.02.01"]
[WhiteClock "0:00:02"]
[BlackClock "0:00:28"]

1. d4 f5 2. g3 Nf6 3. Bg2 g6 4. Nf3 Bg7 5. O-O O-O 6. c4 d6 7. Nc3 c6 8. b3 Qa5 9. Bd2 e5 10. dxe5 dxe5 11. e4 Qc7 12. Re1 f4 13. gxf4 Bg4 14. h3 Bxf3 15. Qxf3 Nh5 16. f5 Nd7 17. Rad1 Nf4 18. Ne2 Nxe2+ 19. Rxe2 Kh8 20. Bb4 Rf7 21. Bd6 Qd8 22. Red2 Qe8 23. c5 Nf6 24. Kh1 Bh6 25. Rd3 Bf4 26. fxg6 hxg6 27. Rg1 g5 28. Bf1 Rh7 29. Qg2 Qg6 30. f3 Rg8 31. Rd1 Qh6 32. Bc4 Re8 33. Bf1 Kg7 34. b4 Kh8 35. b5 cxb5 36. Bxb5 Qxh3+ 37. Qxh3 Rxh3+ 38. Kg2 Rh2+ 39. Kf1 Rc8 40. Rg2 Rxg2 41. Kxg2 g4 42. Be7 Kg7 43. Rd6 Ng8 44. Rd7 Nxe7 45. Rxe7+ Kf6 46. Rxb7 g3 47. c6 Rh8 48. c7 Rh2+ 49. Kf1 g2+ 50. Kf2 Be3+ 51. Kxe3 g1=Q+ 52. Kd3 Qd4# 0-1


[Site "https://www.chess.com"]

[Event "Titled Tuesday Blitz February 01 B 2022"]
[White "Boros, Denes"]
[Black "Cunha, Lucas Aguiar"]
[WhiteFideId "722340"]
[BlackFideId "2125404"]
[WhiteElo "2464"]
[BlackElo "2361"]
[Result "1-0"]
[Round "06"]
[TimeControl "180+1"]
[Date "2022.02.01"]
[WhiteClock "0:00:53"]
[BlackClock "0:00:25"]

1. d4 Nf6 2. Nf3 c5 3. c4 cxd4 4. Nxd4 b6 5. Bg5 e6 6. Nc3 Bb7 7. Ndb5 d6 8. Bf4 e5 9. Bg5 a6 10. Bxf6 gxf6 11. Na3 f5 12. e3 Nd7 13. Qh5 Qf6 14. Bd3 e4 15. Be2 d5 16. Rc1 dxc4 17. Nxc4 Rg8 18. g3 Rc8 19. O-O f4 20. Nd5 Qd8 21. exf4 Rc5 22. Rfd1 Nf6 23. Qe5+ 1-0


[Site "https://www.chess.com"]

[Event "Titled Tuesday Blitz February 01 B 2022"]
[White "Bortnyk, Olexandr"]
[Black "Tang, Andrew"]
[WhiteFideId "14120828"]
[BlackFideId "2059630"]
[WhiteElo "2723"]
[BlackElo "2584"]
[Result "1-0"]
[Round "06"]
[TimeControl "180+1"]
[Date "2022.02.01"]
[WhiteClock "0:00:04"]
[BlackClock "0:00:03"]

1. e4 e5 2. Nf3 Nc6 3. Bb5 g6 4. Nc3 Bg7 5. d3 a6 6. Ba4 Nge7 7. Bg5 h6 8. Be3 O-O 9. Qd2 Kh7 10. O-O-O d5 11. exd5 Nxd5 12. Nxd5 Qxd5 13. Bb3 Qd6 14. h4 Bg4 15. Rde1 Bxf3 16. gxf3 Nd4 17. Bxd4 Qxd4 18. h5 g5 19. Re4 Qd6 20. Rhe1 f5 21. R4e3 Rad8 22. Kb1 Qd4 23. c3 Qf4 24. Qc2 c5 25. a3 Rd6 26. d4 cxd4 27. cxd4 Qxd4 28. R1e2 Kh8 29. Qc7 Rd7 30. Qa5 Rfd8 31. Ka2 Qd6 32. Rc3 e4 33. Rcc2 exf3 34. Re6 Qd3 35. Qb6 Qb5 36. Rxh6+ Bxh6 37. Qxh6+ Rh7 38. Qf6+ Rg7 39. h6 Kh7 40. Qxg7# 1-0


[Site "https://www.chess.com"]

[Event "Titled Tuesday Blitz February 01 B 2022"]
[White "Camacho Collados, Jose"]
[Black "Li, Ben"]
[WhiteFideId "2265427"]
[BlackFideId "2089980"]
[WhiteElo "2351"]
[BlackElo "2267"]
[Result "0-1"]
[Round "06"]
[TimeControl "180+1"]
[Date "2022.02.01"]
[WhiteClock "0:00:40"]
[BlackClock "0:01:40"]

1. e4 e5 2. Nf3 Nc6 3. Bb5 a6 4. Bxc6 dxc6 5. O-O Qd6 6. d3 Ne7 7. Nbd2 Be6 8. b3 f6 9. Nc4 Qd7 10. a4 g5 11. Na5 O-O-O 12. b4 b6 13. Nb3 Bxb3 14. cxb3 Qxd3 15. Nd2 Ng6 16. Qg4+ Kb7 17. b5 axb5 18. axb5 cxb5 19. Qe6 Nf4 20. Qxf6 Bb4 21. Qxe5 Bc3 22. Ra7+ Kxa7 23. Qxc7+ Ka6 24. Bb2 Bxb2 25. Nc4 Qxf1+ 26. Kxf1 Rd1# 0-1


[Site "https://www.chess.com"]

[Event "Titled Tuesday Blitz February 01 B 2022"]
[White "Dobrov, Vladimir"]
[Black "Yoo, Christopher Woojin"]
[WhiteFideId "4136594"]
[BlackFideId "30909694"]
[WhiteElo "2614"]
[BlackElo "2105"]
[Result "0-1"]
[Round "06"]
[TimeControl "180+1"]
[Date "2022.02.01"]
[WhiteClock "0:00:13"]
[BlackClock "0:00:26"]

1. d4 Nf6 2. c4 e6 3. Nf3 d5 4. Nc3 h6 5. Bf4 Bd6 6. Bxd6 Qxd6 7. Rc1 O-O 8. e3 Qe7 9. Be2 dxc4 10. Bxc4 Rd8 11. Qe2 c5 12. dxc5 Qxc5 13. O-O Nc6 14. h3 Bd7 15. a3 Rac8 16. Ba2 Qe7 17. Rfd1 Be8 18. Bb1 Rxd1+ 19. Rxd1 Rd8 20. Rc1 a6 21. Qc2 g6 22. b4 e5 23. Ba2 Kg7 24. Qb2 Bd7 25. Nd5 Nxd5 26. Bxd5 f6 27. e4 Be8 28. Nd2 Nd4 29. Nb3 Nxb3 30. Qxb3 Rd6 31. Rc8 Rd7 32. Qc3 Bf7 33. Bxf7 Qxf7 34. Kh2 h5 35. a4 Qe6 36. Qc5 Rf7 37. b5 axb5 38. axb5 f5 39. exf5 Qxf5 40. Kg1 b6 41. Qxb6 Qxc8 42. Qd6 Qc1+ 0-1


[Site "https://www.chess.com"]

[Event "Titled Tuesday Blitz February 01 B 2022"]
[White "Drygalov, Andrey"]
[Black "Garriga Cazorla, Pere"]
[WhiteFideId "24171735"]
[BlackFideId "32011601"]
[WhiteElo "2540"]
[BlackElo "2458"]
[Result "1-0"]
[Round "06"]
[TimeControl "180+1"]
[Date "2022.02.01"]
[WhiteClock "0:00:52"]
[BlackClock "0:00:42"]

1. e4 c5 2. Nf3 d6 3. d4 cxd4 4. Nxd4 Nf6 5. Nc3 a6 6. Be3 e5 7. Nb3 Be6 8. f3 h5 9. Qd2 Nbd7 10. Nd5 Bxd5 11. exd5 g6 12. Na5 Rb8 13. c4 Bg7 14. Be2 O-O 15. O-O e4 16. Rac1 exf3 17. gxf3 Re8 18. b4 Nh7 19. Rfe1 Qh4 20. Bf2 Qf6 21. f4 Qf5 22. c5 Ndf6 23. Bf3 Ne4 24. Bxe4 Rxe4 25. Rxe4 Qxe4 26. c6 bxc6 27. dxc6 Rc8 28. Qxd6 Bf8 29. Qd7 Qxf4 30. Rd1 Ng5 31. Qxc8 Nh3+ 32. Qxh3 1-0


[Site "https://www.chess.com"]

[Event "Titled Tuesday Blitz February 01 B 2022"]
[White "Ezat, Mohamed"]
[Black "Timofeev, Artyom"]
[WhiteFideId "10600906"]
[BlackFideId "4140419"]
[WhiteElo "2386"]
[BlackElo "2583"]
[Result "0-1"]
[Round "06"]
[TimeControl "180+1"]
[Date "2022.02.01"]
[WhiteClock "0:00:01"]
[BlackClock "0:00:05"]

1. d4 d5 2. c4 e6 3. Nc3 Nf6 4. cxd5 exd5 5. Bg5 Be7 6. e3 c6 7. Qc2 a5 8. Bd3 Na6 9. a3 Nc7 10. Nf3 Ne6 11. Bh4 g6 12. O-O O-O 13. Rab1 Ng7 14. b4 Nf5 15. Bg5 Nd6 16. b5 Bd7 17. bxc6 Bxc6 18. Ne5 Rc8 19. Qe2 Kg7 20. Nb5 Bxb5 21. Bxb5 Nde4 22. Bxf6+ Bxf6 23. Qb2 Bxe5 24. dxe5 Kg8 25. Bd3 Nc5 26. Be2 Qe7 27. Rfd1 Rfd8 28. h3 a4 29. Rd4 Qxe5 30. Qb6 Ne6 31. Rxa4 d4 32. e4 Rc2 33. Bd3 Rd2 34. Bc4 Qf4 35. Rf1 Qd6 36. Qxb7 d3 37. Ra6 Qc7 38. Qb4 Nf4 39. Rf6 Rc2 40. Bb3 Ne2+ 41. Kh1 Rc1 42. Re1 d2 43. Rd1 Rxd1+ 44. Bxd1 Qc1 45. Qb3 Rf8 46. Rd6 Nc3 47. Qc2 Qxd1+ 48. Qxd1 Nxd1 49. Rxd2 Nc3 50. f3 Ra8 51. Rd3 Nb5 52. Rb3 Nxa3 53. Kh2 Ra5 54. h4 Nb5 55. Kh3 Kg7 56. Rd3 Ra6 57. Rd5 Nd6 58. h5 Nc4 59. hxg6 hxg6 60. Rd4 Ne3 61. Rd2 Rc6 62. Re2 Nc4 63. Kg3 Ne5 64. Kf2 Nd7 65. Kg3 Nc5 66. Kh3 Ne6 67. Kg3 Rc3 68. Rb2 g5 69. Rd2 Kg6 70. Ra2 Nf4 71. Rb2 Kh5 72. Ra2 Rb3 73. Rc2 Nd3 74. Rd2 Nf4 75. Rc2 Rb6 76. Ra2 Kg6 77. Rc2 f6 78. Rd2 Ne6 79. Rc2 Ng7 80. Rd2 Rb1 81. Rc2 Nh5+ 82. Kf2 Nf4 83. Rd2 Rc1 84. Kg3 Re1 85. Kf2 Rb1 86. Kg3 Ne6 87. Kf2 Nc5 88. Kg3 Rc1 89. Re2 Rc3 90. Re1 Nd3 91. Re3 Rb3 92. Kh2 Nc5 93. Re2 Nd7 94. Re1 Ne5 95. Re2 Rd3 96. Re1 Rxf3 97. Rd1 Rf4 98. Rd4 Rf2 99. Kg3 Ra2 100. Rc4 Ra3+ 101. Kh2 Nxc4 102. e5 Nxe5 0-1


[Site "https://www.chess.com"]

[Event "Titled Tuesday Blitz February 01 B 2022"]
[White "Gaehwiler, Gabriel"]
[Black "Salinas Herrera, Pablo"]
[WhiteFideId "1314530"]
[BlackFideId "3407128"]
[WhiteElo "2383"]
[BlackElo "2541"]
[Result "0-1"]
[Round "06"]
[TimeControl "180+1"]
[Date "2022.02.01"]
[WhiteClock "0:00:08"]
[BlackClock "0:00:11"]

1. d4 d5 2. c4 e6 3. Nf3 a6 4. g3 dxc4 5. Bg2 b5 6. a4 Bb7 7. O-O Nd7 8. Qc2 Ngf6 9. Rd1 Be4 10. Qd2 b4 11. Qe1 a5 12. Bg5 Nb6 13. Nbd2 Bc6 14. Rdc1 Be7 15. Nxc4 Nxc4 16. Rxc4 Bd5 17. Rcc1 Rc8 18. Bxf6 Bxf6 19. e4 Ba8 20. Rc5 Bxd4 21. Nxd4 Qxd4 22. Rxa5 O-O 23. Rc1 c5 24. Qe3 Qxb2 25. Raxc5 Rxc5 26. Qxc5 h6 27. e5 Bxg2 28. Kxg2 Qa3 29. Rb1 Rb8 30. a5 Qa4 31. Qc7 Ra8 32. Qb7 Qxa5 33. Rxb4 Rf8 34. Re4 Qc5 35. Qb4 Qc6 36. Qc4 Qa8 37. Qa4 Qc8 38. Qc4 Qb7 39. Qb4 Qd7 40. Qd4 Qe7 41. Qb4 Qg5 42. h4 Qg6 43. Qd4 Rc8 44. Re2 Qf5 45. Qe4 Qh5 46. Qf3 Qg6 47. Qe4 Qh5 48. Qf3 Qxf3+ 49. Kxf3 Rc4 50. Re4 Rc2 51. Re2 Rc3+ 52. Re3 Rc5 53. Re4 g6 54. g4 Kg7 55. g5 h5 56. Kg3 Kf8 57. f3 Rc3 58. Kf4 Rc1 59. Rd4 Rg1 60. Ke3 Rh1 61. Kf2 Ke7 62. Kg2 Re1 63. f4 Ra1 64. Kf3 Ra3+ 65. Kg2 Re3 66. Ra4 Kf8 67. Kf2 Rh3 68. Kg2 Rxh4 69. Rb4 Rg4+ 70. Kf3 Rg1 71. Rc4 Kg7 72. Rd4 h4 73. Rd2 Rg3+ 74. Kf2 Kf8 75. Rd1 Rh3 76. Kg2 Rg3+ 77. Kf2 Ra3 78. Rh1 h3 79. Kg1 Rf3 80. Kh2 Rxf4 81. Rg1 Re4 82. Kxh3 Rxe5 83. Kg4 Re4+ 84. Kf3 Ra4 85. Rc1 Kg7 86. Rc8 Ra1 87. Kf4 Rf1+ 88. Kg4 Rh1 89. Re8 Rh8 90. Re7 Rc8 91. Rd7 Kf8 92. Ra7 Ke8 93. Kf4 Rd8 94. Kg4 Rd7 95. Ra8+ Ke7 96. Ra4 e5 97. Ra6 Rd6 98. Ra7+ Ke6 99. Ra8 Rd4+ 100. Kg3 Kf5 101. Rf8 Rd7 102. Kh4 Re7 0-1


[Site "https://www.chess.com"]

[Event "Titled Tuesday Blitz February 01 B 2022"]
[White "Golubev, Mikhail"]
[Black "Paravyan, David"]
[WhiteFideId "14100983"]
[BlackFideId "4194985"]
[WhiteElo "2374"]
[BlackElo "2569"]
[Result "0-1"]
[Round "06"]
[TimeControl "180+1"]
[Date "2022.02.01"]
[WhiteClock "0:00:02"]
[BlackClock "0:01:30"]

1. e4 e5 2. Nf3 Nc6 3. d4 exd4 4. Nxd4 Nf6 5. Nc3 Nxe4 6. Nxe4 Qe7 7. f3 d5 8. Bb5 Bd7 9. Bxc6 bxc6 10. O-O dxe4 11. Re1 O-O-O 12. Rxe4 Qb4 13. Nb3 Bf5 14. Qxd8+ Kxd8 15. Rxb4 Bxb4 16. c3 Bd6 17. Be3 a6 18. Rd1 Kc8 19. Na5 Re8 20. Bd4 Re2 21. Nc4 Be6 22. Nxd6+ cxd6 23. b4 f6 24. a4 Bc4 25. a5 Kd7 26. h4 Ke6 27. Kh2 g5 28. hxg5 fxg5 29. Kg3 h5 30. Kh2 Kf5 31. Kg1 h4 32. Bb6 Ke6 33. Kf1 Rd2+ 34. Ke1 Rxg2 35. Rd4 h3 36. Bc7 h2 37. Rxd6+ Ke7 38. Rh6 Rg1+ 39. Kd2 h1=Q 40. Rxh1 Rxh1 41. Ke3 Bd5 0-1


[Site "https://www.chess.com"]